 Dungeon Crawl Stone Soup version 0.26.1-11-gd32895ea62 (webtiles) character file.

Game seed: 344065219743794361

56 Zeld the Sneak (level 3, 0/24 HPs)
             Began as an Octopode Brigand on May 14, 2021.
             Hit by a silver boomerang thrown by an orc (2 damage)
             ... on level 2 of the Dungeon.
             The game lasted 00:02:40 (2385 turns).

Zeld the Sneak (Octopode Brigand)                   Turns: 2385, Time: 00:02:41

Health: 0/24       AC:  1    Str: 11    XL:     3   Next: 97%
Magic:  5/5        EV: 13    Int: 13    God:
Gold:   71         SH:  0    Dex: 13    Spells: 5/5 levels left

rFire    . . .     SeeInvis .   a - +2 dagger
rCold    . . .     Faith    .   (no shield)
rNeg     . . .     Spirit   .   (helmet restricted)
rPois    .         Reflect  .   (no amulet)
rElec    .         Harm     .   (no ring)
rCorr    .         Rampage  .   (no ring)
Will     .....                  (no ring)
Stlth    ++++......             (no ring)
HPRegen  0.08/turn              (no ring)
MPRegen  0.09/turn              (no ring)
                                (no ring)
                                (no ring)

@: no status effects
A: almost no armour, stealthy swim, amphibious, 8 rings, constrict 8, camouflage
1, gelatinous body 1
a: no special abilities


You were on level 2 of the Dungeon.
You visited 1 branch of the dungeon, and saw 2 of its levels.

You collected 71 gold pieces.

Inventory:

Hand Weapons
 a - a +2 dagger (weapon)
Missiles
 b - 8 poisoned darts (quivered)
 c - 2 curare-tipped darts
Scrolls
 d - 2 scrolls of remove curse {unknown}
 f - a scroll of blinking {unknown}
 g - a scroll of enchant armour {unknown}
 i - a scroll of identify {unknown}
 j - a scroll of teleportation {unknown}
Potions
 e - a potion of haste {unknown}
 h - a potion of curing {unknown}


   Skills:
 - Level 2.0 Fighting
 * Level 3.5 Short Blades
 - Level 2.0 Throwing
 - Level 1.0 Dodging
 - Level 5.3 Stealth
 + Level 1.5 Spellcasting


You had 5 spell levels left.
You didn't know any spells.
Your spell library was empty.

Dungeon Overview and Level Annotations

Branches:
Dungeon (2/15)

Altars:


Innate Abilities, Weirdness & Mutations

You cannot wear most types of armour.
You are very stealthy in the water. (Stealth+)
You are amphibious.
You can wear up to eight rings at the same time.
You can use your tentacles to constrict eight enemies at once.
Your skin changes colour to match your surroundings (Stealth+).
Your rubbery body absorbs attacks. (AC +1, EV +1)


Message History

The silver boomerang closely misses you.
The weapon returns to the orc!
The orc wizard hits you with a cursed +0 dagger.
You are too injured to fight recklessly!
You are too injured to fight recklessly!
You are too injured to fight recklessly!
Unknown command.
You are too injured to fight recklessly!
You completely miss the orc wizard. You squeeze the orc wizard!
The orc wizard is heavily wounded.
You constrict the orc wizard.
The orc throws a silver boomerang.
The silver boomerang hits you but does no damage.
The weapon returns to the orc!
The orc wizard hits you with a cursed +0 dagger.
You completely miss the orc wizard. You squeeze the orc wizard.
The orc wizard is severely wounded.
You constrict the orc wizard.
The orc throws a silver boomerang.
The silver boomerang hits you!
* * * LOW HITPOINT WARNING * * *
You die...

...≈....w≈≈.# #........## #
.....≈≈.≈≈.≈# ##.#.#.#..#..
≈≈≈≈≈≈≈†≈≈..###......)..#.##
≈≈≈≈≈≈≈≈≈≈≈.#.<#.#.#.#.....
.≈≈≈≈≈≈≈≈≈..#.#.........#.##
≈≈≈≈.≈.≈≈≈≈≈#.##.#.#.#..#..###
.≈≈≈w_.≈≈≈.≈#.#....o..........
≈≈≈≈.♣≈≈≈≈≈....#o#.#.#...>#
≈≈≈≈≈≈≈≈≈≈......@.....#...#
≈≈≈≈≈≈≈≈≈≈.....#<#.#.#....#
.≈≈≈≈≈≈≈≈≈≈...........#.#.##
#.
.....≈.≈≈.≈....#.#.#.#(...(#
#.
≈...≈.≈..≈.≈..#.........#..#
#.
..............##.#.#.####..#
#[
.....##.......#............#
#.
.....###########.#.#.#.....#
#. ..>... .....<....#..# #.


You could see an orc wizard and an orc.

Vanquished Creatures
  2 adders (D:2)
  A dart slug (D:2)
  An orc (D:2)
  4 bats
  A giant cockroach (D:2)
  4 goblins
  5 hobgoblins
  2 jackals (D:1)
  7 kobolds
  8 rats
35 creatures vanquished.

Notes
Turn   | Place    | Note
-------+----------+-------------------------------------------
     0 | D:1      | Zeld the Octopode Brigand began the quest for the Orb.
     0 | D:1      | Reached XP level 1. HP: 14/14 MP: 1/1
   115 | D:1      | Reached XP level 2. HP: 14/19 MP: 2/2
   367 | D:1      | Reached skill level 1 in Spellcasting
   673 | D:1      | Reached XP level 3. HP: 19/24 MP: 4/4
  1128 | D:2      | Found a faded altar of an unknown god.
  2385 | D:2      | Hit by a silver boomerang thrown by an orc

Illustrated notes

Levels and vault maps discovered:
D:1:      elethiomel_arrival_diamonds, layout_loops_ring, minmay_pentomino_r2
D:2:      kb_forest_paths, layout_basic, chequers_ecumenical_altar_island,
          st_stairs_12

Skill      XL: |  1  2 |
---------------+-------+-----
Spellcasting   | 1 |  1.5
Short Blades   | 3 |  3.5
Fighting       | |  2.0
Throwing       | |  2.0
Dodging        | |  1.0
Stealth        | |  5.3

Action                   || total
-------------------------++-------
Melee: Dagger            ||    73
       Constrict         ||    18
       Tentacles         ||    11
 Stab: Sleeping          ||     6
       Distracted        ||     1
Armor: Skin              ||     8
Dodge: Dodged            ||    54
